 Dungeon Crawl Stone Soup version 0.31-a0-229-g1fc7ce93e2 (webtiles) character file.

Game seed: 11875147951299719835

236544 qw the Crack Shot (level 18, -1/182 HPs)
             Began as a Minotaur Hexslinger on July 6, 2023.
             Was an Elder of Okawaru.
             Slain by a slime creature (4 damage)
             ... while paralysed by a great orb of eyes
             ... on level 2 of the Vaults.
             The game lasted 00:14:14 (24952 turns).

qw the Crack Shot (Minotaur Hexslinger)            Turns: 24952, Time: 00:14:14

Health: -1/182     AC: 23    Str: 12    XL:     18   Next: 94%
Magic:  24/24      EV:  2    Int: 10    God:    Okawaru [****..]
Gold:   1206       SH:  0    Dex: 28    Spells: 18/19 levels left

rFire   . . .        v - +3 triple crossbow (heavy)
rCold   . . .        (shield currently unavailable)
rNeg    . . .        a - +3 ring mail "Kepuboza" {rElec Will- Regen+ Slay+3}
rPois   .            (helmet restricted)
rElec   +            w - +2 cloak {Will+}
rCorr   .            c - +2 pair of gloves {hurl}
SInv    .            e - +2 pair of boots
Will    +....        s - amulet of faith
Stlth   +++          r - +6 ring of dexterity
HPRegen 1.30/turn    f - +5 ring of evasion
MPRegen 0.19/turn

%: faith
@: paralysed, heroic, marked
A: horns 2, retaliatory headbutt
}: 1/15 runes: serpentine
a: Renounce Religion, Heroism, Finesse


You were on level 2 of the Vaults.
You worshipped Okawaru.
Okawaru was greatly pleased with you.
You visited 7 branches of the dungeon, and saw 32 of its levels.
You also visited: Sewer.

You collected 3453 gold pieces.
You spent 2247 gold pieces at shops.


Innate Abilities, Weirdness & Mutations

You have a pair of horns on your head.
You reflexively headbutt those who attack you in melee.


   Skills:
 - Level 21.0(26.0) Fighting
 - Level 22.0(27) Ranged Weapons
 + Level 12.7(17.7) Armour
 - Level 18.0(23.0) Dodging
 - Level 1.0 Spellcasting
 - Level 2.0 Hexes
 - Level 10.0 Invocations


You had 18 spell levels left.
You knew the following spells:

 Your Spells              Type           Power      Damage    Failure   Level
a - Slow                  Hex            16%        N/A       26%         1

Your spell library contained the following spells:

 Spells                   Type           Power      Damage    Failure   Level
 Inner Flame              Hex/Fire       2%         N/A       75%         3
 Portal Projectile        Hex/Tloc       4%         N/A       75%         3
 Cause Fear               Hex            2%         N/A       94%         4

Inventory:

Hand Weapons
 v - a +3 heavy triple crossbow (weapon)
Armour
 a - the +3 ring mail "Kepuboza" (worn) {rElec Will- Regen+ Slay+3}
   (You found it on level 2 of the Dungeon)

   Slay:      It affects your accuracy & damage with ranged weapons and melee
   (+3).
   rElec:     It insulates you from electricity.
   Regen:     It increases your rate of health regeneration.
   Will:      It decreases your willpower.
 c - a +2 pair of gloves of hurling (worn)
 e - a +2 pair of boots (worn)
 w - a +2 cloak of willpower (worn)
Jewellery
 f - a +5 ring of evasion (right hand)
 l - a ring of protection from fire
 r - a +6 ring of dexterity (left hand)
 s - an amulet of faith (around neck)
 t - an amulet of reflection
Scrolls
 g - 11 scrolls of identify
 i - 10 scrolls of teleportation
 m - 4 scrolls of enchant armour
Potions
 b - 5 potions of enlightenment
 d - 8 potions of haste
 j - a potion of cancellation
 k - 3 potions of mutation
 n - 3 potions of might
 o - 2 potions of heal wounds
 p - 12 potions of curing
 q - 2 potions of resistance
 u - a potion of magic

Dungeon Overview and Level Annotations

Branches:
Dungeon (15/15)            Temple (1/1) D:6            Lair (5/5) D:11
  Swamp (3/4) Lair:2        Snake (4/4) Lair:3        Slime (0/5) Lair:4
    Orc (2/2) D:10            Elf (0/3) Orc:2        Vaults (2/5) D:13
 Depths (0/4) D:15          Sewer (visited)
  Crypt: Vaults:2-3

Altars:
Ashenzari
Cheibriados
Dithmenos
Elyvilon
Fedhas
Gozag
Hepliaklqana
Kikubaaqudgha
Makhleb
Nemelex Xobeh
Okawaru
Qazlal
Ru
Sif Muna
Trog
Uskayaw
Vehumet
Wu Jian
Xom
Yredelemnul
Zin
The Shining One
Jiyva

Shops:
D:2 :   D:4 [:   D:6 !::[:   D:9 *   D:10 =   D:11 :   D:13 *   D:15 =
Orc:1 *   Orc:2 [*(=   Snake:2 *[[*

Annotations:
D:5 1 runed translucent door, qw's ghost, amateur GrFi
D:6 1 runed translucent door, exclusion: 6 orcs, Crazy Yiuf
D:7 2 transporters, qw's ghost, novice DEHu
D:11 Josephine
Swamp:1 2 transporters, Louise
Swamp:2 3 runed translucent doors, Pipriah's ghost, adept GrFi
Orc:1 2 runed translucent doors, qw's ghost, journeyman GrHs
Vaults:1 1 runed translucent door, exclusions: entropy weaver and ironbound preserver, qw's ghost, adept GrFi


Message History

The bolt completely misses you.
You shoot a bolt.
The bolt closely misses the ironbound convoker.
The slime creature completely misses you.
The ironbound convoker completely misses you.
The great orb of eyes bites you but does no damage.
The vault guard closely misses you. The vault guard completely misses you.
The vault sentinel casts a spell at you.
A sentinel's mark forms upon you. The great orb of eyes misses you.
The slime creature completely misses you.
You furiously retaliate!
You headbutt the slime creature.
The ironbound convoker completely misses you.
The vault guard closely misses you. The vault guard completely misses you.
You shoot a bolt. The bolt hits the ironbound convoker.
The ironbound convoker is moderately wounded.
The vault sentinel shoots a bolt.
The bolt completely misses you. The slime creature barely misses you.
You furiously retaliate!
You headbutt the slime creature!
The great orb of eyes bites you but does no damage.
The vault guard barely misses you. The vault guard misses you.
The ironbound convoker misses you.
The vault sentinel shoots a bolt.
The bolt misses you.
You shoot a bolt. The bolt hits the ironbound convoker!!!
You kill the ironbound convoker!
Okawaru accepts your kill.
The slime creature completely misses you.
The great orb of eyes gazes at you.
You suddenly lose the ability to move!
The vault guard hits you but does no damage.
The vault guard hits you from afar with a +1 bardiche of protection!!
The vault sentinel shoots a bolt.
The bolt hits you!
The vault guard hits you from afar with a +1 bardiche of protection!!
The slime creature hits you!
The vault guard hits you with a +0 dire flail!
The great orb of eyes barely misses you.
The vault sentinel points at you and mumbles some strange words.
The mark upon you grows brighter. The slime creature hits you.
You die...

.....................
.....................
.....................
########+#######'#####
.?..#.....# ##.#.#.#
#..(..#..# #.......
+.#+#T'.## #.......
+pG#..# #.......
#@)p..# ##.#.#.#
#.J)#p#+# #####'###
.)..#). .. #......##
#..#).+..# .#
#......+. ## +. +#.+ #
#......#. #. .#
#......#. . ..
#......#. ## ##
#......'. #......#.


You could see 2 vault guards, a great orb of eyes, a slime creature, a deep
troll and a vault sentinel (strong).

Vanquished Creatures
  Vashnia (Snake:4)
  Nikola (Swamp:3)
  Jorgrun (D:15)
  A tentacled monstrosity (Swamp:2)
  A lich (Vaults:2)
  Agnes (Snake:2)
  A thorn hunter (Swamp:2)
  Donald (Snake:3)
  3 nagarajas
  A fenstrider witch (Swamp:3)
  3 vault wardens
  3 ghouls (Swamp:2)
  2 orc warlords (Orc:2)
  3 ironbound thunderhulks
  3 ironbound preservers
  3 eleionomae
  4 bunyips
  A dire elephant (D:15)
  An ettin (Vaults:2)
  A yaktaur captain (Vaults:1)
  2 great orbs of eyes (Vaults:1)
  A shambling mangrove (Swamp:2)
  Fannar (D:11)
  A deep elf high priest (Vaults:2)
  4 salamander tyrants
  An entropy weaver (Vaults:1)
  4 vault guards
  11 anacondas
  3 ghost crabs (Swamp:3)
  An ogre mage (D:15)
  A catoblepas (D:14)
  7 hydras
  4 boulder beetles
  6 centaur warriors
  An ironbound frostheart (Vaults:2)
  A tengu warrior (D:13)
  2 alligators
  12 two-headed ogres
  21 naga warriors
  Sonja (Orc:1)
  17 naga sharpshooters
  6 orc high priests (Orc:2)
  6 spriggans
  Nergalle (D:11)
  8 shock serpents
  14 salamander mystics
  14 skeletal warriors
  3 skysharks
  8 goliath frogs
  4 spriggan druids (Swamp:3)
  2 swamp dragons
  9 deep trolls
  2 lindwurms
  6 ironbound convokers
  5 harpies (Vaults:1)
  6 bog bodies
  5 naga ritualists
  Pikel (D:5)
  4 deep elf pyromancers
  4 phantasmal warriors (Snake:1)
  15 salamanders
  15 mana vipers
  6 orc knights
  3 orc sorcerers (Orc:2)
  3 will-o-the-wisps
  11 ugly things
  3 cyclopes
  A manticore (D:14)
  3 elephants (Lair:2)
  8 guardian serpents
  26 black mambas
  10 naga magi
  A molten gargoyle (Lair:2)
  2 vault sentinels
  A freezing wraith (D:15)
  2 rime drakes
  A yaktaur (shapeshifter) (D:14)
  15 cane toads
  13 komodo dragons
  4 yaktaurs
  10 tyrant leeches
  3 bloated husks
  4 trolls
  A polar bear (Lair:1)
  12 hornets
  2 hornets (shapeshifter) (D:13)
  16 blink frogs
  12 dream sheep
  10 slime creatures
  Sigmund (D:4)
  A vampire (D:14)
  5 wraiths
  2 wyverns
  2 humans (D:8)
  A shadow (D:11)
  32 yaks
  A steam dragon (D:8)
  12 vampire mosquitoes
  4 basilisks
  4 wargs (Orc:2)
  12 swamp worms
  3 acid dragons
  46 nagas
  30 orc warriors
  Duvessa (D:5)
  12 water moccasins
  An ice beast (D:8)
  3 swamp drakes
  4 black bears
  7 ogres
  14 wolves
  12 centaurs
  2 lemures (D:5)
  A kobold brigand (D:7)
  A scorpion (D:11)
  A gnoll sergeant (D:11)
  23 bullfrogs
  A hornet simulacrum (D:15)
  5 wights (D:6)
  Dowan (D:5)
  3 killer bees (D:8)
  4 howler monkeys
  6 electric eels
  4 jellies
  3 hounds
  6 orc priests
  2 gnoll boudas (D:6)
  Ijyb (D:4)
  An iron imp (D:10)
  3 sleepcaps
  8 iguanas
  18 orc wizards
  6 hell rats (Lair:3)
  13 gnolls
  14 adders
  3 river rats (D:3)
  3 naga simulacra (Orc:1)
  2 shadow imps
  2 white imps
  4 ufetubi
  4 worms
  5 dart slugs
  76 orcs
  16 ball pythons
  11 endoplasms
  11 giant cockroaches
  8 goblins
  11 hobgoblins
  14 kobolds
  9 quokkas
  3 bats (D:1)
  3 frilled lizards
  10 rats
991 creatures vanquished.

Vanquished Creatures (others)
  An orc priest (Orc:2)
1 creature vanquished.

Grand Total: 992 creatures vanquished

Notes
Turn   | Place    | Note
-------+----------+-------------------------------------------
     0 | D:1      | qw the Minotaur Hexslinger began the quest for the Orb.
     0 | D:1      | Reached XP level 1. HP: 16/16 MP: 1/1
     0 | D:1      | 0 ||| qw: Version: 0.3-a-46-gb1f654a
     0 | D:1      | 0 ||| qw: Game counter: 1555
     0 | D:1      | 0 ||| qw: Melee chars always use a shield: true
     0 | D:1      | 0 ||| qw: God list: Okawaru
     0 | D:1      | 0 ||| qw: Allow faded altars: false
     0 | D:1      | 0 ||| qw: Do Orc after clearing Dungeon:15 true
     0 | D:1      | 0 ||| qw: Do second Lair branch before Depths: true
     0 | D:1      | 0 ||| qw: Lair rune preference: random
     0 | D:1      | 0 ||| qw: Goals: Normal
     0 | D:1      | 0 ||| PLANNING D:1-11
   109 | D:1      | Reached skill level 3 in Ranged Weapons
   109 | D:1      | Reached XP level 2. HP: 23/23 MP: 2/2
   570 | D:1      | 570 ||| UPGRADING to +0 leather armour.
   580 | D:1      | 580 ||| DROPPING +0 robe.
   581 | D:1      | 581 ||| UPGRADING to +2 leather armour of cold resistance.
   591 | D:1      | 591 ||| DROPPING +0 leather armour.
   592 | D:1      | 592 ||| READING scroll labelled IWNIGIEQOT.
   593 | D:1      | 593 ||| READING scroll labelled NISCHO CIDEONO.
   594 | D:1      | 594 ||| READING 2 scrolls labelled GUULIEGHOMU.
   595 | D:1      | 595 ||| READING scroll labelled JAEH FEEDOBIN.
   596 | D:1      | 596 ||| READING scroll labelled PUMOOT CORCH.
   597 | D:1      | 597 ||| DRINKING 2 glowing inky potions.
   598 | D:1      | 598 ||| DROPPING scroll of poison.
   624 | D:2      | Reached XP level 3. HP: 29/29 MP: 3/3
   650 | D:2      | Identified the +3 ring mail "Kepuboza" {rElec Will- Regen+
                  | Slay+3}
   703 | D:2      | Reached skill level 4 in Ranged Weapons
   897 | D:2      | Found Ucerezig's Book Emporium.
  1193 | D:2      | 1193 ||| UPGRADING to +3 ring mail "Kepuboza" {rElec Will-
                  | Regen+ Slay+3}.
  1203 | D:2      | 1203 ||| DROPPING +2 leather armour of cold resistance.
  1204 | D:2      | 1204 ||| DRINKING 2 lumpy clear potions.
  1205 | D:2      | 1205 ||| DRINKING 2 bubbling amethyst potions.
  1206 | D:2      | 1206 ||| READING 2 scrolls of identify.
  1206 | D:2      | 1206 ||| IDENTIFYING sapphire potion
  1207 | D:2      | 1207 ||| DROPPING potion of brilliance.
  1248 | D:3      | 1248 ||| PLANNING SEWER
  1253 | D:3      | 1253 ||| STAIRDANCE
  1258 | D:2      | HP: 3/29 [orc priest/nerve-wracking pain (11)]
  1259 | D:2      | 1259 ||| DRINKING potion of heal wounds.
  1261 | D:2      | Reached skill level 1 in Armour
  1261 | D:2      | Reached XP level 4. HP: 28/36 MP: 4/4
  1275 | D:3      | 1275 ||| STAIRDANCE
  1377 | D:3      | Found a glowing drain.
  1378 | D:3      | 1378 ||| Stepping ~*~*~tactically~*~*~ (water).
  1392 | D:3      | Reached skill level 5 in Ranged Weapons
  1402 | D:3      | 1402 ||| UPGRADING to ring of resist corrosion.
  1403 | D:3      | 1403 ||| READING scroll labelled ISCHOV APSAU.
  1404 | D:3      | 1404 ||| READING 3 scrolls of identify.
  1404 | D:3      | 1404 ||| IDENTIFYING fizzy clear potion
  1405 | D:3      | 1405 ||| READING 2 scrolls of identify.
  1405 | D:3      | 1405 ||| IDENTIFYING viscous red potion
  1406 | D:3      | 1406 ||| DROPPING potion of invisibility.
  1412 | Sewer    | Entered a sewer
  1453 | Sewer    | 1453 ||| Stepping ~*~*~tactically~*~*~ (water).
  1460 | Sewer    | 1460 ||| Stepping ~*~*~tactically~*~*~ (water).
  1489 | Sewer    | Reached XP level 5. HP: 41/41 MP: 5/5
  1490 | Sewer    | 1490 ||| Stepping ~*~*~tactically~*~*~ (water).
  1498 | Sewer    | 1498 ||| Stepping ~*~*~tactically~*~*~ (water).
  1502 | Sewer    | 1502 ||| Stepping ~*~*~tactically~*~*~ (water).
  1538 | Sewer    | 1538 ||| Stepping ~*~*~tactically~*~*~ (water).
  1541 | Sewer    | 1541 ||| Stepping ~*~*~tactically~*~*~ (water).
  1553 | Sewer    | 1553 ||| Stepping ~*~*~tactically~*~*~ (water).
  1560 | Sewer    | 1560 ||| Stepping ~*~*~tactically~*~*~ (water).
  1571 | Sewer    | Reached skill level 3 in Fighting
  1595 | Sewer    | 1595 ||| Stepping ~*~*~tactically~*~*~ (water).
  1613 | Sewer    | 1613 ||| Stepping ~*~*~tactically~*~*~ (water).
  1626 | Sewer    | 1626 ||| Stepping ~*~*~tactically~*~*~ (water).
  1634 | Sewer    | Reached skill level 6 in Ranged Weapons
  1639 | Sewer    | Reached XP level 6. HP: 34/52 MP: 6/6
  1665 | Sewer    | 1665 ||| UPGRADING to +2 pair of gloves of hurling.
  1684 | D:3      | 1684 ||| PLANNING D:1-11
  1749 | D:3      | 1749 ||| Stepping ~*~*~tactically~*~*~ (outnumbered).
  2232 | D:3      | 2232 ||| READING scroll labelled DUOJUDD MIHYCVAQ.
  2235 | D:3      | 2235 ||| READING 2 scrolls labelled TUGEZX SAJAN.
  2236 | D:3      | 2236 ||| READING scroll labelled FAUMYU MICELA.
  2337 | D:3      | 2337 ||| READING scroll labelled SUNIET YGUPRIRYUTH.
  2338 | D:3      | 2338 ||| READING 3 scrolls of identify.
  2338 | D:3      | 2338 ||| IDENTIFYING brown potion
  2339 | D:3      | 2339 ||| READING 2 scrolls of identify.
  2339 | D:3      | 2339 ||| IDENTIFYING smoky dark potion
  2340 | D:3      | 2340 ||| DROPPING potion of degeneration.
  2341 | D:3      | 2341 ||| DROPPING potion of lignification.
  2361 | D:4      | Found Duumol's Tiny Tomes.
  2411 | D:4      | Noticed Sigmund
  2433 | D:4      | Killed Sigmund
  2434 | D:4      | Reached skill level 7 in Ranged Weapons
  2434 | D:4      | Reached XP level 7. HP: 49/59 MP: 7/7
  2575 | D:4      | Noticed Ijyb
  2575 | D:4      | Paralysed by Ijyb for 4 turns
  2584 | D:4      | Paralysed by Ijyb for 4 turns
  2589 | D:4      | Killed Ijyb
  2650 | D:4      | Found Cadmus's Dragon-Slaying Spoils.
  2765 | D:4      | Reached skill level 8 in Ranged Weapons
  2846 | D:4      | 2846 ||| DRINKING 2 potions of curing.
  2846 | D:4      | 2846 ||| (to cure confusion)
  3127 | D:4      | 3127 ||| UPGRADING to +0 cloak.
  3132 | D:4      | 3132 ||| READING scroll of enchant armour.
  3132 | D:4      | 3132 ||| ENCHANTING +0 cloak.
  3133 | D:4      | 3133 ||| UPGRADING to +4 ring of protection.
  3134 | D:4      | 3134 ||| UPGRADING to +5 ring of evasion.
  3136 | D:4      | 3136 ||| DROPPING ring of resist corrosion.
  3137 | D:4      | 3137 ||| READING 2 scrolls of identify.
  3137 | D:4      | 3137 ||| IDENTIFYING fizzy emerald potion
  3178 | D:5      | Entered Level 5 of the Dungeon
  3195 | D:5      | Identified the +10 short sword "Biegaxzo" {spect, Fly}
  3213 | D:5      | Noticed Pikel
  3215 | D:5      | Noticed Duvessa
  3219 | D:5      | Noticed Dowan
  3227 | D:5      | 3227 ||| DRINKING potion of curing.
  3227 | D:5      | 3227 ||| (to cure confusion)
  3229 | D:5      | Killed Pikel
  3230 | D:5      | Reached skill level 10 in Ranged Weapons
  3230 | D:5      | Reached XP level 8. HP: 62/68 MP: 8/8
  3233 | D:5      | Killed Dowan
  3245 | D:5      | HP: 17/68 [Duvessa/+0 rapier (7)]
  3246 | D:5      | 3246 ||| READING scroll of teleportation.
  3312 | D:5      | Reached skill level 3 in Dodging
  3313 | D:5      | Killed Duvessa
  3358 | D:5      | Reached skill level 6 in Fighting
  3402 | D:5      | 3402 ||| READING scroll of enchant armour.
  3402 | D:5      | 3402 ||| ENCHANTING +1 cloak.
  3441 | D:5      | Reached skill level 3 in Armour
  3525 | D:5      | Found a glowing silver altar of Zin.
  3525 | D:5      | Noticed an angel
  3616 | D:5      | Found a runed translucent door.
  3616 | D:5      | Noticed qw's ghost (amateur GrFi)
  3688 | D:5      | 3688 ||| DROPPING amulet of magic regeneration.
  3689 | D:5      | 3689 ||| DROPPING +4 ring of slaying {mikee}.
  3690 | D:5      | 3690 ||| READING scroll labelled XEQYHASITAST.
  3719 | D:6      | Found Cirub's Book Emporium.
  3775 | D:6      | Identified the +0 leather armour of Kootegge {rC+ Will+
                  | Str-3 Slay+2}
  3777 | D:6      | Found Oroorph's Book Boutique.
  3803 | D:6      | Found Eghupit's Antique Armour Shoppe.
  3810 | D:6      | 3810 ||| BUYING pair of boots (117 gold).
  3810 | D:6      | Bought a pair of boots for 117 gold pieces
  3818 | D:6      | Found a sparkling altar of Nemelex Xobeh.
  3860 | D:6      | Found Xoadaast's Book Shop.
  3891 | D:6      | Found a staircase to the Ecumenical Temple.
  3892 | D:6      | 3892 ||| PLANNING TEMPLE
  3892 | D:6      | 3892 ||| UPGRADING to +0 pair of boots.
  3897 | D:6      | 3897 ||| READING scroll of enchant armour.
  3897 | D:6      | 3897 ||| ENCHANTING +0 pair of boots.
  3898 | D:6      | 3898 ||| DROPPING ring of positive energy.
  3899 | D:6      | 3899 ||| READING scroll labelled NAHOAN CAYMO.
  3913 | Temple   | Entered the Ecumenical Temple
  4113 | Temple   | 4113 ||| PLANNING D:1-11
  4178 | D:6      | Reached XP level 9. HP: 79/79 MP: 9/9
  4245 | D:6      | Found a runed translucent door.
  4246 | D:6      | Noticed Crazy Yiuf
  4283 | D:6      | Found Vuomnu's Distillery.
  4422 | D:6      | 4422 ||| READING scroll of brand weapon.
  4422 | D:6      | 4422 ||| BRANDING +1 sling of freezing.
  4640 | D:6      | Reached skill level 11 in Ranged Weapons
  4668 | D:6      | 4668 ||| SWAPPING to +0 shortbow.
  4669 | D:6      | 4669 ||| DROPPING +1 sling of electrocution.
  4928 | D:7      | Noticed qw's ghost (novice DEHu)
  4929 | D:7      | Found a transporter.
  4933 | D:7      | Found a transporter.
  5122 | D:7      | Found a broken altar of Ashenzari.
  5165 | D:7      | 5165 ||| Stepping ~*~*~tactically~*~*~ (outnumbered).
  5263 | D:7      | Found an ornate altar of the Wu Jian Council.
  5438 | D:7      | 5438 ||| READING scroll labelled OFAACH JAOROEXT.
  5439 | D:7      | 5439 ||| DRINKING 2 grey potions.
  5440 | D:7      | 5440 ||| READING 2 scrolls of identify.
  5440 | D:7      | 5440 ||| IDENTIFYING sedimented blue potion
  5517 | D:8      | 5517 ||| Stepping ~*~*~tactically~*~*~ (outnumbered).
  5529 | D:8      | 5529 ||| Stepping ~*~*~tactically~*~*~ (outnumbered).
  5534 | D:8      | Reached skill level 12 in Ranged Weapons
  5590 | D:8      | 5590 ||| SWAPPING to +0 orcbow.
  5591 | D:8      | 5591 ||| DROPPING +1 shortbow.
  5644 | D:8      | 5644 ||| Stepping ~*~*~tactically~*~*~ (cloud).
  5649 | D:8      | 5649 ||| Stepping ~*~*~tactically~*~*~ (cloud).
  5653 | D:8      | 5653 ||| Stepping ~*~*~tactically~*~*~ (cloud).
  5690 | D:8      | Found a shimmering blue altar of Sif Muna.
  5751 | D:8      | Found an iron altar of Okawaru.
  5752 | D:8      | 5752 ||| PLANNING OKAWARU WORSHIP
  5771 | D:8      | Became a worshipper of Warmaster Okawaru
  5772 | D:8      | 5772 ||| PLANNING D:1-11
  5787 | D:8      | Noticed a two-headed ogre
  5795 | D:8      | Killed a two-headed ogre
  5795 | D:8      | Reached * piety under Okawaru
  5796 | D:8      | Reached XP level 10. HP: 89/89 MP: 10/10
  5796 | D:8      | 5796 ||| INVOKING Heroism.
  5868 | D:8      | Reached skill level 1 in Invocations
  5965 | D:9      | 5965 ||| INVOKING Heroism.
  5975 | D:9      | Reached skill level 13 in Ranged Weapons
  5998 | D:9      | Noticed a two-headed ogre
  5999 | D:9      | 5999 ||| INVOKING Heroism.
  6003 | D:9      | Killed a two-headed ogre
  6004 | D:9      | Reached skill level 3 in Invocations
  6006 | D:9      | Paralysed by a hornet for 1 turns
  6010 | D:9      | Reached skill level 9 in Fighting
  6111 | D:9      | 6111 ||| INVOKING Heroism.
  6221 | D:9      | 6221 ||| INVOKING Heroism.
  6274 | D:9      | Reached ** piety under Okawaru
  6404 | D:9      | Found a glowing golden altar of the Shining One.
  6698 | D:9      | Found Pinoz's General Store.
  6706 | D:9      | 6706 ||| SHOPLISTING amulet of regeneration (390 gold, have
                  | 333).
  6706 | D:9      | 6706 ||| BUYING scroll of teleportation (39 gold).
  6706 | D:9      | Bought a scroll of teleportation for 39 gold pieces
  6833 | D:9      | 6833 ||| READING scroll labelled FIGISE NOASOOT.
  6882 | D:10     | Entered Level 10 of the Dungeon
  6898 | D:10     | 6898 ||| INVOKING Heroism.
  6907 | D:10     | Reached skill level 14 in Ranged Weapons
  6933 | D:10     | 6933 ||| Stepping ~*~*~tactically~*~*~ (outnumbered).
  6971 | D:10     | Found a white marble altar of Elyvilon.
  7211 | D:10     | Reached skill level 6 in Dodging
  7211 | D:10     | Reached XP level 11. HP: 97/97 MP: 13/13
  7221 | D:10     | Noticed a boulder beetle
  7224 | D:10     | 7224 ||| INVOKING Heroism.
  7237 | D:10     | Killed a boulder beetle
  7260 | D:10     | Found a staircase to the Orcish Mines.
  7273 | D:10     | 7273 ||| INVOKING Heroism.
  7382 | D:10     | Found Beascheth's Jewellery Shop.
  7385 | D:10     | 7385 ||| SHOPLISTING +6 ring of dexterity (396 gold, have
                  | 367).
  7385 | D:10     | 7385 ||| SHOPLISTING amulet of faith (440 gold, have 367).
  7385 | D:10     | 7385 ||| SHOPLISTING ring of the Skies Above {Will+ Dex+2}
                  | (398 gold, have 367).
  7477 | D:10     | Found a snail-covered altar of Cheibriados.
  7643 | D:10     | 7643 ||| READING 5 scrolls of identify.
  7643 | D:10     | 7643 ||| IDENTIFYING green potion
  7644 | D:10     | 7644 ||| READING 4 scrolls of identify.
  7644 | D:10     | 7644 ||| IDENTIFYING coppery potion
  7645 | D:10     | 7645 ||| READING 3 scrolls of identify.
  7645 | D:10     | 7645 ||| IDENTIFYING metallic black potion
  7646 | D:10     | 7646 ||| DROPPING potion of attraction.
  7647 | D:10     | 7647 ||| DROPPING potion of ambrosia.
  7692 | D:11     | Noticed Fannar
  7716 | D:11     | 7716 ||| INVOKING Heroism.
  7720 | D:11     | Killed Fannar
  7767 | D:11     | 7767 ||| READING scroll of enchant weapon.
  7767 | D:11     | 7767 ||| ENCHANTING +0 orcbow.
  7854 | D:11     | 7854 ||| Stepping ~*~*~tactically~*~*~ (outnumbered).
  7856 | D:11     | 7856 ||| Stepping ~*~*~tactically~*~*~ (outnumbered).
  7894 | D:11     | 7894 ||| SWAPPING to +0 orcbow of draining.
  7925 | D:11     | Reached skill level 15 in Ranged Weapons
  7947 | D:11     | Found Oriumn's Book Emporium.
  8000 | D:11     | Noticed Nergalle
  8001 | D:11     | 8001 ||| INVOKING Heroism.
  8013 | D:11     | Killed Nergalle
  8013 | D:11     | Reached *** piety under Okawaru
  8014 | D:11     | Reached skill level 6 in Armour
  8064 | D:11     | 8064 ||| INVOKING Heroism.
  8119 | D:11     | Noticed Josephine
  8132 | D:11     | 8132 ||| INVOKING Heroism.
  8142 | D:11     | HP: 16/91 [wraith[Josephine] (8)]
  8143 | D:11     | 8143 ||| READING scroll of teleportation.
  8144 | D:11     | 8144 ||| DRINKING 2 potions of heal wounds.
  8145 | D:11     | 8145 ||| DRINKING potion of heal wounds.
  8469 | D:11     | Found a staircase to the Lair.
  8470 | D:11     | 8470 ||| INVOKING Heroism.
  8679 | D:11     | 8679 ||| PLANNING LAIR
  8728 | Lair:1   | Entered Level 1 of the Lair of Beasts
  8995 | Lair:1   | Reached skill level 16 in Ranged Weapons
  8998 | Lair:1   | Reached **** piety under Okawaru
  9186 | Lair:1   | 9186 ||| INVOKING Heroism.
  9237 | Lair:1   | 9237 ||| INVOKING Heroism.
  9258 | Lair:1   | 9258 ||| INVOKING Heroism.
  9288 | Lair:1   | Reached XP level 12. HP: 110/110 MP: 14/14
  9600 | Lair:1   | 9600 ||| UPGRADING to ring of poison resistance.
  9602 | Lair:1   | 9602 ||| READING scroll labelled YDURYN VAISAMY.
  9718 | Lair:2   | 9718 ||| INVOKING Heroism.
  9731 | Lair:2   | Reached skill level 6 in Invocations
  9893 | Lair:2   | 9893 ||| INVOKING Heroism.
  9917 | Lair:2   | 9917 ||| INVOKING Heroism.
  9983 | Lair:2   | Reached ***** piety under Okawaru
 10079 | Lair:2   | 10079 ||| INVOKING Heroism.
 10308 | Lair:2   | 10308 ||| INVOKING Heroism.
 10354 | Lair:2   | 10354 ||| INVOKING Heroism.
 10470 | Lair:2   | 10470 ||| INVOKING Heroism.
 10530 | Lair:2   | Found a staircase to the Swamp.
 10531 | Lair:2   | 10531 ||| INVOKING Heroism.
 10737 | Lair:3   | 10737 ||| INVOKING Heroism.
 10744 | Lair:3   | Reached skill level 12 in Fighting
 10813 | Lair:3   | 10813 ||| DRINKING potion of cancellation.
 10936 | Lair:3   | Found a staircase to the Snake Pit.
 10939 | Lair:3   | 10939 ||| Stepping ~*~*~tactically~*~*~ (outnumbered).
 10940 | Lair:3   | 10940 ||| Stepping ~*~*~tactically~*~*~ (outnumbered).
 10951 | Lair:3   | Reached skill level 9 in Invocations
 11193 | Lair:3   | Reached XP level 13. HP: 94/118 MP: 18/18
 11457 | Lair:4   | 11457 ||| READING scroll labelled PEPOFELOAL.
 11472 | Lair:4   | Reached skill level 9 in Dodging
 11486 | Lair:4   | 11486 ||| INVOKING Heroism.
 11555 | Lair:4   | 11555 ||| INVOKING Heroism.
 11602 | Lair:4   | Found a viscous altar of Jiyva.
 11604 | Lair:4   | Found a staircase to the Slime Pits.
 11738 | Lair:4   | 11738 ||| INVOKING Heroism.
 12105 | Lair:5   | Entered Level 5 of the Lair of Beasts
 12108 | Lair:5   | 12108 ||| INVOKING Heroism.
 12128 | Lair:5   | Received a gift from Okawaru
 12214 | Lair:5   | 12214 ||| SWAPPING to +5 longbow.
 12219 | Lair:5   | 12219 ||| DROPPING +1 orcbow.
 12220 | Lair:5   | 12220 ||| DROPPING +0 orcbow of draining.
 12301 | Lair:5   | 12301 ||| INVOKING Heroism.
 12352 | Lair:5   | 12352 ||| INVOKING Heroism.
 12466 | Lair:5   | Reached skill level 17 in Ranged Weapons
 12511 | Lair:5   | 12511 ||| INVOKING Heroism.
 12596 | Lair:5   | 12596 ||| Stepping ~*~*~tactically~*~*~ (water).
 12629 | Lair:5   | 12629 ||| INVOKING Heroism.
 12651 | Lair:5   | 12651 ||| UPGRADING to amulet of faith.
 12656 | Lair:5   | 12656 ||| Stepping ~*~*~tactically~*~*~ (water).
 12657 | Lair:5   | 12657 ||| INVOKING Heroism.
 12706 | Lair:5   | 12706 ||| Stepping ~*~*~tactically~*~*~ (water).
 12733 | Lair:5   | 12733 ||| INVOKING Heroism.
 12774 | Lair:5   | Reached skill level 18 in Ranged Weapons
 12776 | Lair:5   | 12776 ||| INVOKING Heroism.
 12908 | Lair:5   | Identified the +2 rapier of Osogifokk {venom, Dex+4}
 12926 | Lair:5   | 12926 ||| INVOKING Heroism.
 13326 | Lair:5   | 13326 ||| PLANNING D
 13491 | D:12     | 13491 ||| INVOKING Heroism.
 13640 | D:12     | Identified the +1 arbalest of Inference {elec, rPois rC+
                  | Dex+3} (Okawaru gifted it to you on level 12 of the
                  | Dungeon)
 13640 | D:12     | Received a gift from Okawaru
 13663 | D:12     | 13663 ||| INVOKING Heroism.
 13664 | D:12     | 13664 ||| INVOKING Finesse.
 13749 | D:12     | 13749 ||| READING scroll of enchant weapon.
 13749 | D:12     | 13749 ||| ENCHANTING +5 longbow.
 14130 | D:12     | 14130 ||| READING 10 scrolls of identify.
 14130 | D:12     | 14130 ||| IDENTIFYING fizzy coppery potion
 14131 | D:12     | 14131 ||| DRINKING potion of experience.
 14131 | D:12     | Reached skill level 19 in Ranged Weapons
 14131 | D:12     | Reached XP level 14. HP: 127/127 MP: 20/20
 14150 | D:13     | Found Keotzon's Assorted Antiques.
 14170 | D:13     | 14170 ||| BUYING 2 potions of heal wounds (350 gold).
 14170 | D:13     | Bought 2 potions of heal wounds for 350 gold pieces
 14170 | D:13     | 14170 ||| BUYING potion of curing (105 gold).
 14170 | D:13     | Bought a potion of curing for 105 gold pieces
 14170 | D:13     | 14170 ||| BUYING scroll of identify (70 gold).
 14170 | D:13     | Bought a scroll of identify for 70 gold pieces
 14223 | D:13     | 14223 ||| INVOKING Heroism.
 14236 | D:13     | Reached XP level 15. HP: 130/134 MP: 19/21
 14339 | D:13     | 14339 ||| Stepping ~*~*~tactically~*~*~ (outnumbered).
 14356 | D:13     | 14356 ||| INVOKING Heroism.
 14432 | D:13     | Found a gate to the Vaults.
 14621 | D:14     | 14621 ||| INVOKING Heroism.
 14639 | D:14     | Reached skill level 20 in Ranged Weapons
 14841 | D:14     | 14841 ||| FLEEEEING.
 14848 | D:14     | 14848 ||| FLEEEEING.
 14849 | D:14     | 14849 ||| FLEEEEING.
 14851 | D:14     | 14851 ||| DRINKING 2 potions of cancellation.
 14875 | D:14     | 14875 ||| INVOKING Heroism.
 14880 | D:14     | 14880 ||| Stepping ~*~*~tactically~*~*~ (outnumbered).
 14989 | D:14     | 14989 ||| Stepping ~*~*~tactically~*~*~ (cloud).
 14994 | D:14     | 14994 ||| Stepping ~*~*~tactically~*~*~ (cloud).
 15020 | D:14     | 15020 ||| INVOKING Heroism.
 15259 | D:14     | Received a gift from Okawaru
 15341 | D:14     | 15341 ||| DRINKING 2 sedimented silvery potions.
 15446 | D:14     | 15446 ||| DROPPING potion of berserk rage.
 15469 | D:15     | Entered Level 15 of the Dungeon
 15539 | D:15     | 15539 ||| INVOKING Heroism.
 15554 | D:15     | Reached skill level 9 in Armour
 15568 | D:15     | Received a gift from Okawaru
 15590 | D:15     | 15590 ||| FLEEEEING.
 15591 | D:15     | 15591 ||| FLEEEEING.
 15592 | D:15     | 15592 ||| FLEEEEING.
 15593 | D:15     | 15593 ||| FLEEEEING.
 15594 | D:15     | 15594 ||| FLEEEEING.
 15595 | D:15     | 15595 ||| FLEEEEING.
 15596 | D:15     | 15596 ||| FLEEEEING.
 15733 | D:15     | Found a staircase to the Depths.
 15830 | D:15     | 15830 ||| INVOKING Heroism.
 15860 | D:15     | Reached skill level 15 in Fighting
 15871 | D:15     | 15871 ||| INVOKING Heroism.
 15957 | D:15     | 15957 ||| INVOKING Heroism.
 15966 | D:15     | Noticed Jorgrun
 15966 | D:15     | 15966 ||| INVOKING Finesse.
 15976 | D:15     | Killed Jorgrun
 15996 | D:15     | Received a gift from Okawaru
 16039 | D:15     | 16039 ||| SWAPPING to +3 triple crossbow of freezing.
 16040 | D:15     | 16040 ||| DROPPING +6 longbow.
 16041 | D:15     | 16041 ||| DROPPING +1 arbalest of Inference {elec, rPois
                  | rC+ Dex+3}.
 16206 | D:15     | Found Heny's Jewellery Shop.
 16216 | D:15     | 16216 ||| BUYING +6 ring of dexterity (576 gold).
 16216 | D:15     | Bought a +6 ring of dexterity for 576 gold pieces
 16346 | D:15     | 16346 ||| PLANNING ORC
 16346 | D:15     | 16346 ||| DROPPING +4 ring of protection.
 16347 | D:15     | 16347 ||| UPGRADING to +6 ring of dexterity.
 16349 | D:15     | 16349 ||| UPGRADING to +5 ring of evasion.
 16351 | D:15     | 16351 ||| DROPPING ring of poison resistance.
 16472 | Orc:1    | Entered Level 1 of the Orcish Mines
 16472 | Orc:1    | Noticed Sonja
 16473 | Orc:1    | 16473 ||| INVOKING Finesse.
 16480 | Orc:1    | Killed Sonja
 16588 | Orc:2    | Entered Level 2 of the Orcish Mines
 16588 | Orc:2    | Found Cier's Jewellery Shop.
 16589 | Orc:2    | 16589 ||| INVOKING Heroism.
 16604 | Orc:2    | 16604 ||| INVOKING Heroism.
 16612 | Orc:2    | 16612 ||| DRINKING 10 potions of curing.
 16612 | Orc:2    | 16612 ||| (to cure confusion)
 16620 | Orc:2    | 16620 ||| DRINKING 9 potions of curing.
 16620 | Orc:2    | 16620 ||| (to cure confusion)
 16629 | Orc:2    | HP: 35/141 [orc knight/+4 great mace (15)]
 16629 | Orc:2    | HP: 17/141 [soul eater[an orc high priest] (11)]
 16630 | Orc:2    | 16630 ||| READING 8 scrolls of teleportation.
 16631 | Orc:2    | 16631 ||| DRINKING 4 potions of heal wounds.
 16632 | Orc:2    | 16632 ||| DRINKING 3 potions of heal wounds.
 16632 | Orc:2    | Found Xifem's Antique Weapon Shoppe.
 16633 | Orc:2    | 16633 ||| INVOKING Finesse.
 16655 | Orc:2    | HP: 35/141 [orc high priest/+0 halberd (14)]
 16656 | Orc:2    | 16656 ||| READING 7 scrolls of teleportation.
 16657 | Orc:2    | 16657 ||| DRINKING 2 potions of heal wounds.
 16661 | Orc:2    | HP: 32/141 [orc high priest/nerve-wracking pain (14)]
 16662 | Orc:2    | 16662 ||| DRINKING potion of heal wounds.
 16693 | Orc:2    | 16693 ||| INVOKING Heroism.
 16712 | Orc:2    | Reached XP level 16. HP: 107/149 MP: 22/22
 16766 | Orc:2    | 16766 ||| BUYING ring of protection from fire (325 gold).
 16766 | Orc:2    | Bought a ring of protection from fire for 325 gold pieces
 16775 | Orc:2    | 16775 ||| INVOKING Heroism.
 16803 | Orc:2    | Found Eghupit's General Store.
 16813 | Orc:2    | 16813 ||| BUYING 2 potions of resistance (240 gold).
 16813 | Orc:2    | Bought 2 potions of resistance for 240 gold pieces
 16813 | Orc:2    | 16813 ||| BUYING potion of curing (36 gold).
 16813 | Orc:2    | Bought a potion of curing for 36 gold pieces
 16813 | Orc:2    | 16813 ||| BUYING scroll of teleportation (36 gold).
 16813 | Orc:2    | Bought a scroll of teleportation for 36 gold pieces
 16820 | Orc:2    | Found Ryowk's Antique Armour Boutique.
 16846 | Orc:2    | 16846 ||| INVOKING Heroism.
 16861 | Orc:1    | Found Ohurghipe's Assorted Antiques.
 16881 | Orc:1    | 16881 ||| BUYING potion of heal wounds (155 gold).
 16881 | Orc:1    | Bought a potion of heal wounds for 155 gold pieces
 16881 | Orc:1    | 16881 ||| SHOPLISTING potion of heal wounds (155 gold, have
                  | 90).
 16881 | Orc:1    | 16881 ||| SHOPLISTING scroll of teleportation (93 gold,
                  | have 90).
 16881 | Orc:1    | 16881 ||| SHOPLISTING translucent bronze ring (155 gold,
                  | have 90).
 16954 | Orc:1    | Found a large runed translucent door.
 16954 | Orc:1    | Found a large runed translucent door.
 16956 | Orc:1    | Noticed qw's ghost (journeyman GrHs)
 17101 | Orc:1    | You fall into a shaft and drop 1 floor!
 17138 | Orc:2    | 17138 ||| SHOPLISTING +4 skin of Zhor {*Englaciate rC+++
                  | SInv} (1862 gold, have 198).
 17349 | Orc:2    | 17349 ||| INVOKING Heroism.
 17353 | Orc:2    | Reached skill level 21 in Ranged Weapons
 17379 | Orc:2    | Found a staircase to the Elven Halls.
 17461 | Orc:2    | 17461 ||| INVOKING Heroism.
 17521 | Orc:2    | 17521 ||| DRINKING 9 potions of curing.
 17521 | Orc:2    | 17521 ||| (to cure confusion)
 17616 | Orc:2    | 17616 ||| PLANNING SNAKE:1-3
 17769 | Snake:1  | Entered Level 1 of the Snake Pit
 17804 | Snake:1  | Reached skill level 12 in Dodging
 17818 | Snake:1  | 17818 ||| Stepping ~*~*~tactically~*~*~ (outnumbered).
 17828 | Snake:1  | 17828 ||| INVOKING Heroism.
 17831 | Snake:1  | HP: 36/149 [salamander/+0 trident (9)]
 17832 | Snake:1  | 17832 ||| READING 7 scrolls of teleportation.
 17833 | Snake:1  | 17833 ||| DRINKING potion of heal wounds.
 17954 | Snake:1  | 17954 ||| READING scroll of enchant armour.
 17954 | Snake:1  | 17954 ||| ENCHANTING +1 pair of boots.
 17982 | Snake:1  | Received a gift from Okawaru
 17984 | Snake:1  | 17984 ||| INVOKING Heroism.
 18026 | Snake:1  | 18026 ||| INVOKING Heroism.
 18186 | Snake:1  | 18186 ||| INVOKING Heroism.
 18190 | Snake:1  | Reached skill level 22 in Ranged Weapons
 18448 | Snake:2  | Found Teseetisuo's General Store.
 18450 | Snake:2  | Found Vurch's Antique Armour Boutique.
 18452 | Snake:2  | Found Ororecem's Armour Shop.
 18468 | Snake:2  | Found Vaxkekk's General Store.
 18491 | Snake:2  | 18491 ||| BUYING potion of curing (54 gold).
 18491 | Snake:2  | Bought a potion of curing for 54 gold pieces
 18491 | Snake:2  | 18491 ||| BUYING potion of mutation (144 gold).
 18491 | Snake:2  | Bought a potion of mutation for 144 gold pieces
 18532 | Snake:2  | 18532 ||| INVOKING Heroism.
 18537 | Snake:2  | 18537 ||| Stepping ~*~*~tactically~*~*~ (outnumbered).
 18540 | Snake:2  | 18540 ||| Stepping ~*~*~tactically~*~*~ (outnumbered).
 18629 | Snake:2  | 18629 ||| Stepping ~*~*~tactically~*~*~ (outnumbered).
 18632 | Snake:2  | 18632 ||| Stepping ~*~*~tactically~*~*~ (outnumbered).
 18640 | Snake:2  | 18640 ||| Stepping ~*~*~tactically~*~*~ (outnumbered).
 18656 | Snake:2  | 18656 ||| Stepping ~*~*~tactically~*~*~ (outnumbered).
 18678 | Snake:2  | 18678 ||| Stepping ~*~*~tactically~*~*~ (outnumbered).
 18684 | Snake:2  | Identified the +5 orcbow "Utury" {elec, rF- rN+ Int+3}
                  | (Okawaru gifted it to you on level 2 of the Snake Pit)
 18684 | Snake:2  | Received a gift from Okawaru
 18698 | Snake:2  | 18698 ||| INVOKING Heroism.
 18703 | Snake:2  | 18703 ||| Stepping ~*~*~tactically~*~*~ (outnumbered).
 18725 | Snake:2  | 18725 ||| Stepping ~*~*~tactically~*~*~ (outnumbered).
 18945 | Snake:2  | Noticed Agnes
 18946 | Snake:2  | 18946 ||| INVOKING Heroism.
 18947 | Snake:2  | 18947 ||| INVOKING Finesse.
 18951 | Snake:2  | Killed Agnes
 19055 | Snake:2  | 19055 ||| DROPPING +6 ring of strength.
 19134 | Snake:3  | 19134 ||| INVOKING Heroism.
 19142 | Snake:3  | Reached XP level 17. HP: 130/161 MP: 21/23
 19232 | Snake:3  | 19232 ||| READING scroll of brand weapon.
 19232 | Snake:3  | 19232 ||| BRANDING +3 triple crossbow of freezing.
 19308 | Snake:3  | 19308 ||| INVOKING Heroism.
 19314 | Snake:3  | Identified the +3 shortbow of Tegagy {freeze, *Slow rF++
                  | rC- rN+++} (Okawaru gifted it to you on level 3 of the
                  | Snake Pit)
 19314 | Snake:3  | Received a gift from Okawaru
 19321 | Snake:3  | 19321 ||| Stepping ~*~*~tactically~*~*~ (outnumbered).
 19329 | Snake:3  | 19329 ||| INVOKING Heroism.
 19522 | Snake:3  | Noticed Donald
 19523 | Snake:3  | 19523 ||| INVOKING Heroism.
 19524 | Snake:3  | 19524 ||| INVOKING Finesse.
 19527 | Snake:3  | Killed Donald
 19721 | Snake:3  | 19721 ||| PLANNING SWAMP:1-3
 19844 | Swamp:1  | Entered Level 1 of the Swamp
 19847 | Swamp:1  | 19847 ||| Stepping ~*~*~tactically~*~*~ (outnumbered).
 19849 | Swamp:1  | 19849 ||| INVOKING Heroism.
 19870 | Swamp:1  | 19870 ||| Stepping ~*~*~tactically~*~*~ (water).
 19893 | Swamp:1  | Found a transporter.
 19905 | Swamp:1  | Noticed Louise
 19907 | Swamp:1  | Noticed a tentacled monstrosity
 19910 | Swamp:1  | Found a transporter.
 19920 | Swamp:1  | 19920 ||| DRINKING 5 potions of resistance.
 19935 | Swamp:1  | Reached skill level 18 in Fighting
 19941 | Swamp:1  | 19941 ||| INVOKING Heroism.
 19969 | Swamp:1  | 19969 ||| INVOKING Heroism.
 19971 | Swamp:1  | Received a gift from Okawaru
 20070 | Swamp:1  | Identified the +1 robe of Kush {Rampage rF- rC++ Archmagi}
 20298 | Swamp:2  | 20298 ||| Stepping ~*~*~tactically~*~*~ (water).
 20299 | Swamp:2  | 20299 ||| INVOKING Heroism.
 20386 | Swamp:2  | Reached skill level 15 in Dodging
 20451 | Swamp:2  | 20451 ||| INVOKING Heroism.
 20452 | Swamp:2  | 20452 ||| INVOKING Finesse.
 20458 | Swamp:2  | 20458 ||| DRINKING 4 potions of resistance.
 20526 | Swamp:2  | Found a runed translucent gate.
 20526 | Swamp:2  | Found a runed translucent gate.
 20526 | Swamp:2  | Found a runed translucent gate.
 20535 | Swamp:2  | 20535 ||| DRINKING 3 potions of resistance.
 20541 | Swamp:2  | Noticed Pipriah's ghost (adept GrFi)
 20547 | Swamp:2  | Noticed a tentacled monstrosity
 20548 | Swamp:2  | 20548 ||| Stepping ~*~*~tactically~*~*~ (water).
 20549 | Swamp:2  | 20549 ||| INVOKING Heroism.
 20550 | Swamp:2  | 20550 ||| INVOKING Finesse.
 20554 | Swamp:2  | Killed a tentacled monstrosity
 20554 | Swamp:2  | Received a gift from Okawaru
 20596 | Swamp:2  | 20596 ||| Stepping ~*~*~tactically~*~*~ (water).
 20598 | Swamp:2  | 20598 ||| Stepping ~*~*~tactically~*~*~ (water).
 20600 | Swamp:2  | 20600 ||| Stepping ~*~*~tactically~*~*~ (water).
 20602 | Swamp:2  | 20602 ||| Stepping ~*~*~tactically~*~*~ (water).
 20845 | Swamp:2  | 20845 ||| DROPPING +6 ring of intelligence.
 20846 | Swamp:2  | 20846 ||| DROPPING ring of magical power.
 20900 | Swamp:3  | Noticed Nikola
 20901 | Swamp:3  | 20901 ||| INVOKING Heroism.
 20902 | Swamp:3  | 20902 ||| INVOKING Finesse.
 20906 | Swamp:3  | Killed Nikola
 21012 | Swamp:3  | 21012 ||| INVOKING Heroism.
 21030 | Swamp:3  | 21030 ||| INVOKING Heroism.
 21093 | Swamp:3  | 21093 ||| INVOKING Heroism.
 21110 | Swamp:3  | Identified the +8 chain mail of Magic {rC+ Int+4}
 21193 | Swamp:3  | 21193 ||| Stepping ~*~*~tactically~*~*~ (water).
 21194 | Swamp:3  | 21194 ||| INVOKING Heroism.
 21211 | Swamp:3  | 21211 ||| Stepping ~*~*~tactically~*~*~ (cloud).
 21239 | Swamp:3  | 21239 ||| INVOKING Heroism.
 21272 | Swamp:3  | 21272 ||| INVOKING Heroism.
 21294 | Swamp:3  | 21294 ||| Stepping ~*~*~tactically~*~*~ (outnumbered).
 21296 | Swamp:3  | 21296 ||| Stepping ~*~*~tactically~*~*~ (outnumbered).
 21303 | Swamp:3  | 21303 ||| Stepping ~*~*~tactically~*~*~ (outnumbered).
 21307 | Swamp:3  | 21307 ||| Stepping ~*~*~tactically~*~*~ (water).
 21314 | Swamp:3  | 21314 ||| INVOKING Heroism.
 21367 | Swamp:3  | 21367 ||| Stepping ~*~*~tactically~*~*~ (water).
 21386 | Swamp:3  | 21386 ||| Stepping ~*~*~tactically~*~*~ (cloud).
 21492 | Swamp:3  | 21492 ||| Stepping ~*~*~tactically~*~*~ (water).
 21565 | Swamp:3  | 21565 ||| INVOKING Heroism.
 21673 | Swamp:3  | 21673 ||| INVOKING Heroism.
 21728 | Swamp:3  | 21728 ||| Stepping ~*~*~tactically~*~*~ (water).
 21731 | Swamp:3  | 21731 ||| INVOKING Heroism.
 21766 | Swamp:3  | 21766 ||| Stepping ~*~*~tactically~*~*~ (water).
 21906 | Swamp:3  | 21906 ||| PLANNING SNAKE:4
 21906 | Swamp:3  | 21906 ||| UPGRADING to +2 cloak of willpower.
 21916 | Swamp:3  | 21916 ||| DROPPING +2 cloak.
 22116 | Snake:4  | Entered Level 4 of the Snake Pit
 22206 | Snake:4  | 22206 ||| INVOKING Heroism.
 22219 | Snake:4  | Noticed Vashnia
 22221 | Snake:4  | 22221 ||| Stepping ~*~*~tactically~*~*~ (outnumbered).
 22222 | Snake:4  | 22222 ||| Stepping ~*~*~tactically~*~*~ (outnumbered).
 22237 | Snake:4  | 22237 ||| Stepping ~*~*~tactically~*~*~ (outnumbered).
 22240 | Snake:4  | 22240 ||| Stepping ~*~*~tactically~*~*~ (outnumbered).
 22245 | Snake:4  | 22245 ||| INVOKING Heroism.
 22248 | Snake:4  | Killed Vashnia
 22249 | Snake:4  | Reached XP level 18. HP: 134/176 MP: 22/24
 22315 | Snake:4  | 22315 ||| INVOKING Heroism.
 22399 | Snake:4  | Reached skill level 12 in Armour
 22444 | Snake:4  | 22444 ||| Stepping ~*~*~tactically~*~*~ (outnumbered).
 22445 | Snake:4  | 22445 ||| INVOKING Heroism.
 22488 | Snake:4  | 22488 ||| FLEEEEING.
 22492 | Snake:4  | 22492 ||| Stepping ~*~*~tactically~*~*~ (outnumbered).
 22499 | Snake:4  | 22499 ||| INVOKING Heroism.
 22501 | Snake:4  | 22501 ||| Stepping ~*~*~tactically~*~*~ (outnumbered).
 22629 | Snake:4  | 22629 ||| INVOKING Heroism.
 22868 | Snake:4  | 22868 ||| INVOKING Heroism.
 22960 | Snake:4  | 22960 ||| Stepping ~*~*~tactically~*~*~ (outnumbered).
 22963 | Snake:4  | 22963 ||| Stepping ~*~*~tactically~*~*~ (outnumbered).
 22965 | Snake:4  | 22965 ||| Stepping ~*~*~tactically~*~*~ (outnumbered).
 22982 | Snake:4  | 22982 ||| INVOKING Heroism.
 23041 | Snake:4  | 23041 ||| INVOKING Heroism.
 23093 | Snake:4  | 23093 ||| INVOKING Heroism.
 23154 | Snake:4  | 23154 ||| INVOKING Heroism.
 23160 | Snake:4  | 23160 ||| FLEEEEING.
 23161 | Snake:4  | 23161 ||| FLEEEEING.
 23408 | Snake:4  | Got a serpentine rune of Zot
 23524 | Snake:4  | 23524 ||| PLANNING VAULTS:1-4
 23809 | Vaults:1 | Entered Level 1 of the Vaults
 23812 | Vaults:1 | Identified the +0 chain mail of Wezxa {Will+}
 23826 | Vaults:1 | Received a gift from Okawaru
 23906 | Vaults:1 | 23906 ||| Stepping ~*~*~tactically~*~*~ (outnumbered).
 23910 | Vaults:1 | 23910 ||| Stepping ~*~*~tactically~*~*~ (outnumbered).
 23976 | Vaults:1 | Reached skill level 18 in Dodging
 24087 | Vaults:1 | 24087 ||| FLEEEEING.
 24088 | Vaults:1 | 24088 ||| FLEEEEING.
 24089 | Vaults:1 | 24089 ||| FLEEEEING.
 24090 | Vaults:1 | 24090 ||| FLEEEEING.
 24091 | Vaults:1 | 24091 ||| FLEEEEING.
 24092 | Vaults:1 | 24092 ||| FLEEEEING.
 24093 | Vaults:1 | 24093 ||| FLEEEEING.
 24094 | Vaults:1 | 24094 ||| FLEEEEING.
 24095 | Vaults:1 | 24095 ||| FLEEEEING.
 24124 | Vaults:1 | Identified the +8 rapier of Peace {heavy, rPois rF+ rC-}
 24134 | Vaults:1 | Found a runed translucent door.
 24134 | Vaults:1 | Noticed qw's ghost (adept GrFi)
 24149 | Vaults:1 | Identified the +3 dagger "Garpheb" {protect, Fly rC- Will+
                  | Stlth+}
 24215 | Vaults:1 | 24215 ||| INVOKING Finesse.
 24638 | Vaults:1 | 24638 ||| INVOKING Finesse.
 24773 | Vaults:2 | Noticed a lich
 24774 | Vaults:2 | 24774 ||| INVOKING Heroism.
 24775 | Vaults:2 | 24775 ||| INVOKING Finesse.
 24777 | Vaults:2 | Killed a lich
 24793 | Vaults:2 | 24793 ||| INVOKING Heroism.
 24877 | Vaults:2 | Reached skill level 21 in Fighting
 24935 | Vaults:2 | 24935 ||| INVOKING Heroism.
 24951 | Vaults:2 | Paralysed by a great orb of eyes for 4 turns
 24951 | Vaults:2 | HP: 22/182 [vault guard/+1 bardiche of protection[a vault
                  | warden] (29)]
 24951 | Vaults:2 | HP: 2/182 [vault guard/+0 dire flail[a vault warden] (10)]
 24952 | Vaults:2 | Slain by a slime creature

Levels and vault maps discovered:
D:1:      scummos_arrival_gate, layout_basic
D:2:      layout_loops_ring, serial_shops, shop, corexii_hall_statues_u,
          minmay_splitting_lines
D:3:      layout_rooms, portal_sewer_entry_e, minivault_11,
          guppyfry_early_orc_mine
D:4:      layout_basic, st_stairs_9, minmay_misc_feat_tiny,
          nicolae_shop_i_like_small_books_too, minivault_14,
          nicolae_shop_dragon_depot, uniq_sigmund, uniq_ijyb
D:5:      layout_basic, zin_angel, gammafunk_ghost_grave, uniq_duvessa,
          uniq_pikel
D:6:      layout_gridville, general_overflow_altar, temple_pool_b, serial_shops,
          shop, nicolae_shop_tiny_statue_garden, nicolae_shop_statue_plus, shop,
          shop, minivault_19, hangedman_decor_growths, grunt_tough_drop,
          uniq_crazy_yiuf_cottage
D:7:      layout_loops_ring, ashenzari_conservatory_becter,
          nzn_wu_jian_council_hall, gammafunk_ghost_smash
D:8:      layout_rooms, nicolae_sif_muna_condensation, okawaru_humans
D:9:      layout_basic, tso_altar, serial_shops, nicolae_shop_advertising_works
          [nicolae_subvault_shop_adworks]
D:10:     layout_basic, slow_altar_2, mainiacjoe_overflow_24_doors,
          minmay_orc_entry_temple_small, serial_shops, nicolae_shop_trees
D:11:     layout_irregular_city, grunt_lair_entry_orc_guard_hut, serial_shops,
          nicolae_shop_pleasant_corner_grove, uniq_fannar, uniq_nergalle,
          uniq_josephine
D:12:     layout_long_grid
D:13:     layout_big_octagon, david_vaults_5, serial_shops, shop
D:14:     layout_grid_maze, minmay_misc_feat_columns,
          nrook_guardian_serpent_double
D:15:     hangedman_depths_entry_try_elsewhere_first, layout_irregular_city,
          serial_shops, nicolae_lakefront_shop, uniq_jorgrun
Temple:   nicolae_temple_figure_eight
Lair:1:   layout_loops_ring
Lair:2:   layout_gridlike, nicolae_swamp_entry_splash_gauntlet,
          serial_bayou_shore_b
Lair:3:   layout_chaotic_city, minmay_snake_entry_guardpost_small
Lair:4:   layout_gridlike, slime_entry_1, chequers_serial_rivers_micro_e,
          st_stairs_12, infiniplex_staircase_pool_2
Lair:5:   minmay_lair_end_frog_pond, layout_cave_pods,
          chequers_serial_rivers_micro_e, serial_bayou_shore_a
Swamp:1:  gammafunk_sealed_arena, layout_basic_swamp,
          evilmike_swamp_ruin_house_6, uniq_louise
Swamp:2:  cheibrodos_swamp_tower_of_moss, layout_basic_swamp,
          gammafunk_ghost_hydra_chop, evilmike_swamp_ruin_house_4, swamp_pool1,
          infiniplex_staircase_pool
Swamp:3:  nzn_winding_woodlands_medium [nzn_winding_woodlands_5x5_three,
          nzn_winding_woodlands_5x15_pockets, nzn_winding_woodlands_5x5_default,
          nzn_winding_woodlands_5x5_cross,
          nzn_winding_woodlands_center_diamonds,
          nzn_winding_woodlands_5x5_open_star, nzn_winding_woodlands_hourglass,
          nzn_winding_woodlands_5x15_crooked,
          nzn_winding_woodlands_5x5_closed_star], layout_basic_swamp,
          serial_swamp_ruin, evilmike_swamp_ruin_house_5,
          evilmike_swamp_ruin_rubble_1, evilmike_swamp_ruin_house_3,
          swamp_pool4, uniq_nikola
Snake:1:  layout_rooms, nicolae_snake_ghostly_warrior_ritual
Snake:2:  layout_onion_interference, serial_shops, shop,
          nicolae_snake_scaly_snakehead, minmay_shop_star, serial_bayou_shore_b,
          uniq_agnes
Snake:3:  layout_misc_corridors, uniq_donald
Snake:4:  snake_pit_salamanders_mu, layout_cave_town,
          nicolae_snake_guarding_the_ruins, uniq_vashnia
Orc:1:    layout_caves, serial_shops, shop, portal_ice_cave_entry_ice_simulacra,
          ebering_ghost_disaster_area, uniq_sonja
Orc:2:    grunt_orc_gardens, layout_diamond_mine, grunt_orc_garden,
          grunt_orc_garden, grunt_orc_garden, grunt_orc_garden,
          nicolae_orc_sculptors_studio, hellmonk_guarded_unrand_dark_maul
Vaults:1: ebering_ghost_inner_flame, vaults_dpeg_ring,
          nicolae_vaults_bisected_exclaves, dpeg_vaults_monster_box, v_misc_18,
          nicolae_vaults_weapon_check, v_alt_pattern_6, nicolae_vaults_two_Ls,
          nicolae_vaults_angled_halls, nicolae_vaults_diamond_1,
          layout_vaults_big_room
Vaults:2: nicolae_vaults_frosty_reception, v_pattern_4,
          nicolae_vaults_network_star, hangedman_vaults_stagger,
          nicolae_vaults_door_testing_chamber, nicolae_vaults_three_branches,
          minmay_crypt_entry_necro_gods, nicolae_vaults_little_squares_1,
          vaults_room_hallway, nicolae_vaults_tetromino_T_2, kb_rosetta,
          vaults_dpeg_emergency_exit, layout_vaults_ring

Skill      XL: |  1  2  3  4  5  6  7  8  9 10 11 12 13 14 15 16 17 18 |
---------------+-------------------------------------------------------+-----
Ranged Weapons | 3 4 5 6 7 10 12 14 16 19 20 22 | 22.0
Fighting       | 2 3 4 5 7 8 9 11 12 15 17 19 21 | 21.0
Armour         | 1 2 3 4 5 6 7 9 10 11 12 | 12.7
Dodging        | 3 5 6 8 9 11 13 16 18 | 18.0
Invocations    | 4 5 9 10 | 10.0
Spellcasting   | |  1.0
Hexes          | |  2.0

Action                     |  1- 3 |  4- 6 |  7- 9 | 10-12 | 13-15 | 16-18 || total
---------------------------+-------+-------+-------+-------+-------+-------++-------
   Fire: Sling             |   115 |   208 |   265 |       |       |       ||   588
         Shortbow          |       |       |    87 |       |       |       ||    87
         Orcbow            |       |       |    33 |   717 |    84 |       ||   834
         Longbow           |       |       |       |       |   617 |       ||   617
         Triple crossbow   |       |       |       |       |    81 |   772 ||   853
 Invoke: Heroism           |       |       |       |    25 |    26 |    46 ||    97
         Finesse           |       |       |       |       |     4 |     8 ||    12
    Use: Scroll            |     6 |     9 |    10 |     7 |     5 |     3 ||    40
         Potion            |     4 |       |     3 |     3 |     9 |     5 ||    24
 Armour: Robe              |     4 |       |       |       |       |       ||     4
         Ring mail         |     5 |    59 |    66 |   151 |   117 |   132 ||   530
         Leather armour    |     5 |       |       |       |       |       ||     5
  Dodge: Dodged            |    26 |    82 |   126 |   377 |   468 |   719 ||  1798

Table legend:
 A = Non-vault XP
 B = Vault XP
 C = Vault XP percentage of total XP
 D = Non-vault monster count
 E = Vault monster count
 F = Vault count percentage of total count
                 A         B        C        D         E       F
            +---------+---------+-------+---------+---------+-------
      Total |  187809 |  145377 |  43.6 |     670 |     320 |  32.3
            +---------+---------+-------+---------+---------+-------
        D:1 |      38 |       0 |   0.0 |      21 |       0 |   0.0
        D:2 |     100 |       0 |   0.0 |      19 |       0 |   0.0
        D:3 |      83 |      61 |  42.4 |      21 |      15 |  41.7
        D:4 |     298 |     268 |  47.3 |      24 |       5 |  17.2
        D:5 |     311 |     838 |  72.9 |       9 |       3 |  25.0
        D:6 |     846 |     281 |  24.9 |      29 |       4 |  12.1
        D:7 |     408 |       0 |   0.0 |      11 |       0 |   0.0
        D:8 |    2205 |     399 |  15.3 |      23 |       2 |   8.0
        D:9 |    3284 |       0 |   0.0 |      21 |       0 |   0.0
       D:10 |    2391 |     271 |  10.2 |      16 |       8 |  33.3
       D:11 |    3025 |    2406 |  44.3 |      23 |       8 |  25.8
       D:12 |    3319 |       0 |   0.0 |      11 |       0 |   0.0
       D:13 |    3462 |    2869 |  45.3 |       7 |       6 |  46.2
       D:14 |   13445 |     962 |   6.7 |      26 |       2 |   7.1
       D:15 |   17755 |    4152 |  19.0 |      28 |       5 |  15.2
     Lair:1 |    4763 |       0 |   0.0 |      22 |       0 |   0.0
     Lair:2 |    6922 |    2355 |  25.4 |      21 |       6 |  22.2
     Lair:3 |    6559 |     313 |   4.6 |      35 |       2 |   5.4
     Lair:4 |    3229 |     147 |   4.4 |      13 |       1 |   7.1
     Lair:5 |    9064 |    9493 |  51.2 |      34 |      35 |  50.7
    Swamp:1 |    8911 |       0 |   0.0 |      16 |       0 |   0.0
    Swamp:2 |   12863 |    1394 |   9.8 |      23 |       1 |   4.2
    Swamp:3 |   15750 |   11500 |  42.2 |      28 |      15 |  34.9
    Snake:1 |   12528 |    6360 |  33.7 |      28 |       9 |  24.3
    Snake:2 |    8154 |   20450 |  71.5 |      16 |      33 |  67.3
    Snake:3 |   19384 |    1364 |   6.6 |      42 |       1 |   2.3
    Snake:4 |    6263 |   41888 |  87.0 |      13 |      59 |  81.9
      Orc:1 |    1236 |     824 |  40.0 |      28 |       4 |  12.5
      Orc:2 |    3750 |   14804 |  79.8 |      40 |      33 |  45.2
   Vaults:1 |    8898 |   11771 |  57.0 |      11 |      15 |  57.7
   Vaults:2 |    8565 |    9939 |  53.7 |      11 |      12 |  52.2
      Sewer |       0 |     268 | 100.0 |       0 |      36 | 100.0
            +---------+---------+-------+---------+---------+-------
